 Dungeon Crawl Stone Soup version 0.31.0-32-g396128a36d (webtiles) character file.

Game seed: 5031311244133354942

6 spaghetti the Sneak (level 1, -7/21 HPs)
             Began as a Naga Delver on Mar 9, 2024.
             Mangled by an iguana (9 damage)
             ... on level 6 of the Dungeon.
             The game lasted 00:01:17 (420 turns).

spaghetti the Sneak (Naga Delver)                    Turns: 420, Time: 00:01:18

Health: -7/21      AC:  1    Str: 14    XL:     1   Next: 90%
Magic:  1/1        EV:  9    Int: 10    God:
Gold:   13         SH:  0    Dex: 12    Spells: 0/0 levels left

rFire   . . .        d - +1 dagger (elec)
rCold   + . .        (no shield)
rNeg    . . .        b - +0 leather armour
rPois   +            (no helmet)
rElec   .            (no cloak)
rCorr   .            (no gloves)
SInv    +            (no barding)
Will    .....        (no amulet)
Stlth   +++          (no ring)
HPRegen 0.23/turn    (no ring)
MPRegen 0.07/turn

%: no passive effects
@: short of breath, very slow
A: AC +0, large, see invisible, deformed body, poison resistance, slowness 2,
spit poison 1, naga tail 1, cold resistance 1, evolution 1
a: Spit Poison


You were on level 6 of the Dungeon.
You visited 1 branch of the dungeon, and saw 2 of its levels.

You collected 13 gold pieces.

Inventory:

Hand Weapons
 a - a +0 short sword
 d - a +1 dagger of electrocution (weapon)
Armour
 b - a +0 leather armour (worn)
Wands
 g - a wand of digging (3)
Scrolls
 c - a scroll of fog
Potions
 f - a potion of haste


   Skills:
 - Level 3.0 Fighting
 - Level 2.0 Short Blades
 - Level 1.5 Dodging
 + Level 7.7 Stealth


You couldn't memorise any spells.
You didn't know any spells.
Your spell library was empty.

Dungeon Overview and Level Annotations

Branches:
Dungeon (6/15)
 Temple: D:4-7

Altars:

Annotations:
D:5 3 runed translucent doors, seawaffle's ghost, novice MiFi


Innate Abilities, Weirdness & Mutations

Your serpentine skin is tough. (AC +0)
You have supernaturally acute eyesight. (SInv)
Armour fits poorly on your strangely shaped body.
Your system is resistant to poisons. (rPois)
You cover ground very slowly.
You can spit poison.
You have a snake-like lower body.
Your flesh is cold resistant. (rC+)
You have hidden genetic potential.


Message History

Unknown command.
Okay, then.
The iguana hisses menacingly.
You have got your breath back.
Aiming: Spit Poison (3% risk of failure)
Press: ? - help, Shift-Dir - straight line, f/p - iguana
Aim: an iguana (moderately wounded, poisoned, 59% to hit)
The splash of poison hits the iguana but does no damage.
The iguana looks even sicker.
The iguana is moderately wounded.
Unknown command.
Unknown command.
You hit the iguana but do no damage.
The iguana is moderately wounded.
The iguana closely misses you.
You barely miss the iguana.
The iguana is moderately wounded.
The iguana bites you.
You hit the iguana but do no damage.
The iguana is heavily wounded.
The iguana bites you!
Ouch! That really hurt!
Unknown command.
Unknown command.
You barely miss the iguana.
The iguana is heavily wounded.
You have got your breath back.
The iguana closely misses you.
You hit the iguana.
The iguana is severely wounded.
The iguana bites you!
* * * LOW HITPOINT WARNING * * *
Unknown command.
Aiming: Spit Poison (3% risk of failure)
Press: ? - help, Shift-Dir - straight line, f/p - iguana
Aim: an iguana (severely wounded, poisoned, 59% to hit)
The splash of poison hits the iguana.
The iguana looks even sicker.
The iguana is severely wounded.
The iguana bites you!
You die...

*,*,*,*,,,,*,*,*,* *,*,,,,,,,*,,*
,,*,*,*,******,*,***.#********,,*
,****,*,,,,,,,,,,,,,..,,,,,,,,,,*
,*,,,,,,,,,,,*,*,***.#********,,*
*****,,,,,,,,*,*,***.##***,,,,,,,
*,,,,,,,,,,,,,,*,,,,..,,,*,****,*
*********#########**.#**,*,*,,,,,
,,,* *,,,........###.# *,*,*,,*,*
**,***,,,,***###@l...###.#,*,,*,*
,,,,,+,,,,* #.............*,,*,*
**,***,,,,* #.#..######.##*,**,*
,,,* *,,,,* #.#..# *,,,,,,,,,,,,
**,***,,,,####.#..#**,**,****,*,*
,,,,,+,,,,+......##*,,,,,*,,,,*,*
***,,*,...####...#####...,,,,,,,,
,,,,,,,.........#........,,,,,,,*
,*****,,######..#.######.*,,,,,,,


You could see an iguana (very poisoned).

Vanquished Creatures
  5 kobolds (D:6)
5 creatures vanquished.

Notes
Turn   | Place    | Note
-------+----------+-------------------------------------------
     0 | D:5      | spaghetti the Naga Delver began the quest for the Orb.
     0 | D:5      | Reached XP level 1. HP: 21/21 MP: 1/1
    21 | D:5      | Found a runed translucent gate.
    21 | D:5      | Found a runed translucent gate.
    23 | D:5      | Found a runed translucent gate.
    23 | D:5      | Noticed seawaffle's ghost (novice MiFi)
    23 | D:5      | Noticed a kobold brigand
    31 | D:5      | Gained mutation: You are weak. (Str -2) [potion of
                  | mutation]
    31 | D:5      | Gained mutation: You are strong-willed. (Will+) [potion of
                  | mutation]
    31 | D:5      | Lost mutation: You are strong-willed. (Will+) [potion of
                  | mutation]
   122 | D:6      | Lost mutation: You are weak. (Str -2) [potion of mutation]
   122 | D:6      | Gained mutation: Your flesh is cold resistant. (rC+)
                  | [potion of mutation]
   122 | D:6      | Gained mutation: You have hidden genetic potential. [potion
                  | of mutation]
   409 | D:6      | Noticed an iguana
   419 | D:6      | HP: 1/21 [iguana (7)]
   420 | D:6      | Mangled by an iguana

Illustrated notes

Levels and vault maps discovered:
D:5:      layout_cave_pools, ebering_ghost_rock_garden, uniq_eustachio
D:6:      layout_basic, portal_sewer_entry_f, nzn_random_ring, uniq_menkaure

Action                     || total
---------------------------++-------
  Melee: Short sword       ||    11
         Dagger            ||     5
Ability: Spit Poison       ||     7
    Use: Scroll            ||     2
         Potion            ||     2
 Armour: Leather armour    ||    27
  Dodge: Dodged            ||    12
